 Dungeon Crawl Stone Soup version 0.29-a0-813-g4a14ea37d6 (webtiles) character file.

Game seed: 1977898084271878063

100 LynnLen the Conjurer (level 4, -1/33 HPs)
             Began as a Draconian Conjurer on July 5, 2022.
             Slain by an orc wizard
             ... wielding a +0 dagger
              (2 damage)
             ... on level 2 of the Dungeon.
             The game lasted 00:10:00 (2298 turns).

LynnLen the Conjurer (Draconian Conjurer)           Turns: 2298, Time: 00:10:00

Health: -1/33      AC:  5    Str: 10    XL:     4   Next: 46%
Magic:  7/8        EV: 12    Int: 20    God:
Gold:   72         SH:  0    Dex:  9    Spells: 5/8 levels left

rFire   . . .      SeeInvis .   l - +2 dagger (drain)
rCold   . . .      Faith    .   (no shield)
rNeg    . . .      Spirit   .   (body armour unavailable)
rPois   .          Reflect  .   (helmet restricted)
rElec   .          Harm     .   (no cloak)
rCorr   .          Rampage  .   (no gloves)
Will    .....                   (no boots)
Stlth   ++........              g - amulet of the acrobat
HPRegen 0.11/turn               (no ring)
MPRegen 0.11/turn               (no ring)

@: no status effects
A: AC +5, unfitting armour, cold-blooded
a: no special abilities


You were on level 2 of the Dungeon.
You visited 1 branch of the dungeon, and saw 3 of its levels.

You collected 72 gold pieces.

Inventory:

Hand Weapons
 h - a +0 dagger
 l - a +2 dagger of draining (weapon)
Jewellery
 c - a ring of see invisible
 d - an amulet of reflection
 g - an amulet of the acrobat (around neck)
 j - a ring of ice
 p - a ring of positive energy
Scrolls
 e - a scroll of enchant armour
Potions
 a - a potion of magic
 b - a potion of brilliance {unknown}
 i - a potion of ambrosia {unknown}
 m - a potion of mutation {unknown}
 q - 2 potions of heal wounds {unknown}


   Skills:
 + Level 2.1 Dodging
 * Level 2.3 Stealth
 * Level 2.7 Spellcasting
 + Level 5.1 Conjurations


You had 5 spell levels left.
You knew the following spells:

 Your Spells              Type           Power      Damage    Failure   Level
a - Magic Dart            Conj           92%        1d7       1%          1
b - Searing Ray           Conj           46%        2d6       2%          2

Your spell library contained the following spells:

 Spells                   Type           Power      Damage    Failure   Level
 Dazzling Flash           Conj/Hex       24%        N/A       16%         3
 Gell's Gravitas          Tloc           2%         N/A       41%         3
 Teleport Other           Tloc           2%         N/A       41%         3
 Fulminant Prism          Conj/Hex       6%         3d7       45%         4
 Iskenderun's Mystic Bla  Conj/Tloc      12%        2d5       45%         4
 Dispersal                Tloc           1%         N/A       100%        6


Dungeon Overview and Level Annotations

Branches:
Dungeon (3/15)

Altars:


Innate Abilities, Weirdness & Mutations

Your plain brown scales are hard. (AC +5)
You cannot fit into any form of body armour.
You are cold-blooded and may be slowed by cold attacks.


Message History

You hit the orc.
The orc is heavily wounded.
The orc barely misses you. The orc wizard barely misses you.
You hit the orc.
You kill the orc!
The orc wizard hits you but does no damage.
You barely miss the orc wizard.
The orc wizard is moderately wounded.
The orc wizard barely misses you.
You hit the orc wizard.
Your tail-slap misses the orc wizard.
The orc wizard is heavily wounded.
The orc wizard hits you but does no damage.
You closely miss the orc wizard.
The orc wizard is heavily wounded.
The orc wizard hits you but does no damage.
You closely miss the orc wizard.
The orc wizard is heavily wounded.
The orc wizard seems less drained.
The orc wizard closely misses you.
You barely miss the orc wizard. You tail-slap the orc wizard.
The orc wizard is heavily wounded.
The orc wizard casts a spell at you. The puff of flame hits you.
* * * LOW HITPOINT WARNING * * *
Casting: Searing Ray (safe; 2% risk of failure)
Confirm with . or Enter, or press ? or * to list all spells.
Aiming: Magic Dart (safe; 1% risk of failure)
Press: ? - help, Shift-Dir - straight line, f - orc wizard
Aim: an orc wizard, wielding a +0 dagger and wearing a +0 robe (heavily wounded, 100% to hit)
The magic dart hits the orc wizard but does no damage.
The orc wizard is heavily wounded.
The orc wizard mumbles some strange words.
The orc wizard flickers and vanishes!
Deactivating autopickup; reactivate with Ctrl-A.
Casting: Magic Dart (safe; 1% risk of failure)
Confirm with . or Enter, or press ? or * to list all spells.
You can't see any susceptible monsters within range! (Use Z to cast anyway.)
You closely miss something. Something hits you.
* * * LOW HITPOINT WARNING * * *
You miss something. Something hits you.
You die...

### #..........# ..#
#.........<# ..#
####.>........# ..#
##.............# ..#
##..............# ..#
####...............# ..#
#..#...............# ..#
#......{...........# ..#
#......@)..........#
..###
##.............######
...<#####.............##
.#....(#..............##
.##........##..........#
..###......##..........#
........##.##..........#
#..#.......÷#..........#
............÷..........#


There were no monsters in sight!

Vanquished Creatures
  A hound (D:3)
  2 adders (D:2)
  2 worms (D:2)
  A dart slug (D:1)
  3 orcs
  3 endoplasms
  A giant cockroach (D:1)
  5 goblins
  4 hobgoblins
  4 jackals
  2 quokkas (D:1)
  2 ball pythons
  3 bats
  A frilled lizard (D:1)
  3 kobolds
  4 rats
41 creatures vanquished.

Notes
Turn   | Place    | Note
-------+----------+-------------------------------------------
     0 | D:1      | LynnLen the Draconian Conjurer began the quest for the Orb.
     0 | D:1      | Reached XP level 1. HP: 14/14 MP: 3/3
    96 | D:1      | Found a faded altar of an unknown god.
   256 | D:1      | Reached XP level 2. HP: 20/20 MP: 3/5
   723 | D:1      | Learned a level 2 spell: Searing Ray
  1216 | D:2      | Reached XP level 3. HP: 26/26 MP: 2/6
  2018 | D:3      | Reached skill level 5 in Conjurations
  2018 | D:3      | Reached XP level 4. HP: 33/33 MP: 1/8
  2111 | D:3      | Identified the +7 short sword "Akum" {spect, Int+4}
  2297 | D:2      | HP: 1/33 [something (1)]
  2298 | D:2      | Slain by an orc wizard

Illustrated notes

Levels and vault maps discovered:
D:1:      psy_arrival_radial02, layout_basic,
          hellmonk_ecumenical_altar_arch_garden, nicolae_kite_square_tiling_tiny
D:2:      layout_rooms
D:3:      layout_rooms, yredelemnul_forgotten_temple_becter

Skill      XL: |  1  2  3 |
---------------+----------+-----
Stealth        | 2 |  2.3
Dodging        | 2 |  2.1
Conjurations   | 5 |  5.1
Spellcasting   | |  2.7

Action                   |  1- 3 |  4- 6 || total
-------------------------+-------+-------++-------
Melee: Club              |     3 |       ||     3
       Tailslap          |     3 |     1 ||     4
       Dagger            |    51 |    23 ||    74
       Punch             |     1 |       ||     1
 Cast: Magic Dart        |    47 |     1 ||    48
       Searing Ray       |     4 |     1 ||     5
  Use: Scroll            |    10 |     1 ||    11
Armor: Skin              |    21 |     9 ||    30
Dodge: Dodged            |    55 |    21 ||    76

Table legend: (Time is in decaauts)
 A = Elapsed time spent in this place.
 B = Non-inter-level travel time spent in this place.
 C = Inter-level travel time spent in this place.
 D = Time resting spent in this place.
 E = Time spent auto-exploring this place.
 F = Levels seen in this place.
 G = Mean time per level.
                   A        B        C        D        E       F      G
               +--------+--------+--------+--------+--------+-----+--------+
         Total |   2298 |   2298 |      0 |    786 |    704 |   3 |  766.0 |
       Dungeon |   2298 |   2298 |      0 |    786 |    704 |   3 |  766.0 |
               +--------+--------+--------+--------+--------+-----+--------+

Top non-repeatable levels by time:
     D:1: 1091 daAuts
     D:2: 1082 daAuts
     D:3: 124 daAuts
